 Dungeon Crawl Stone Soup version 0.32-a0-918-g0f22ef8d61 (webtiles) character file.

Game seed: 2420313150663228462

0 innerfire43 the Vexing (level 1, -1/13 HPs)
             Began as a Demonspawn Wanderer on Apr 10, 2024.
             Frozen to death by an endoplasm (2 damage)
             ... on level 1 of the Dungeon.
             The game lasted 00:00:15 (78 turns).

innerfire43 the Vexing (Demonspawn Wanderer)          Turns: 78, Time: 00:00:17

Health: -1/13      AC:  3    Str: 10    XL:     1   Next: 0%
Magic:  3/3        EV: 10    Int: 12    God:
Gold:   13         SH:  0    Dex: 14    Spells: 3/4 levels left

rFire   . . .        a - +0 quarterstaff
rCold   . . .        (shield currently unavailable)
rNeg    . . .        d - +0 robe
rPois   .            (no helmet)
rElec   .            (no cloak)
rCorr   .            b - +0 pair of gloves
SInv    .            (no boots)
Will    .....        (no amulet)
Stlth   ++           (no ring)
HPRegen 0.22/turn    (no ring)
MPRegen 0.08/turn

%: no passive effects
@: no status effects
A: no striking features
a: no special abilities


You were on level 1 of the Dungeon.
You visited 1 branch of the dungeon, and saw 1 of its levels.

You collected 13 gold pieces.

Inventory:

Hand Weapons
 a - a +0 quarterstaff (weapon)
Armour
 b - a +0 pair of gloves (worn)
 d - a +0 robe (worn)
Potions
 c - a potion of attraction


   Skills:
 + Level 0.0 Fighting
 + Level 1.0 Staves
 + Level 0.0 Armour
 - Level 1.0 Dodging
 - Level 1.0 Stealth
 - Level 2.0 Spellcasting
 + Level 5.0 Hexes


You had 3 spell levels left.
You knew the following spells:

 Your Spells              Type           Power      Damage    Failure   Level
a - Slow                  Hex            52%        N/A       3%          1

Your spell library contained the following spells:

 Spells                   Type           Power      Damage    Failure   Level
 Sigil of Binding         Hex            13%        N/A       11%         3
 Inner Flame              Hex/Fire       7%         N/A       28%         3


Dungeon Overview and Level Annotations

Branches:
Dungeon (1/15)

Altars:


Message History

There is an open door here.
A quokka comes into view.
An endoplasm comes into view.
There are monsters nearby!
The endoplasm quivers.
The quokka bites you.
You miss the quokka. The quokka bites you.
A quokka is nearby!
You hit the quokka.
The quokka is moderately wounded.
The quokka misses you. The quokka closely misses you.
You hit the quokka but do no damage.
The quokka is moderately wounded.
The quokka misses you.
You closely miss the quokka.
The quokka is moderately wounded.
The quokka completely misses you.
There are monsters nearby!
You closely miss the quokka.
The quokka is moderately wounded.
The quokka closely misses you. The quokka bites you.
There are monsters nearby!
You hit the quokka.
The quokka is severely wounded.
The quokka twitches its whiskers.
The quokka bites you but does no damage.
You barely miss the quokka.
The quokka is severely wounded.
The quokka bites you. The endoplasm freezes you.
You are frozen.
* * * LOW HITPOINT WARNING * * *
The quokka bites you but does no damage.
You hit the quokka.
You kill the quokka!
The endoplasm hits you.
* * * LOW HITPOINT WARNING * * *
The endoplasm freezes you.
You are frozen.
You die...

.. .. .. ##.##
.###.. ##...#
..#.. #..ß.
ß... #.... ..#
#.#.###.## #
#....#J..#...#
#..ß..@ß...ß.#
#....#.†.#...#
#....##### #
###.## #..###
##...####
###....# #+#
####.#### #.#
#....####.###


You could see an endoplasm.

Vanquished Creatures
  A quokka (D:1)
1 creature vanquished.

Notes
Turn   | Place    | Note
-------+----------+-------------------------------------------
     0 | D:1      | innerfire43 the Demonspawn Wanderer began the quest for the
                  | Orb.
     0 | D:1      | innerfire43 set off with the following items: a +0
                  | quarterstaff, a +0 pair of gloves, a potion of attraction,
                  | a +0 robe; and the following spell memorised: Slow; and the
                  | following spells available to memorise: Sigil of Binding,
                  | Inner Flame.
     0 | D:1      | Reached XP level 1. HP: 13/13 MP: 3/3
    78 | D:1      | Frozen to death by an endoplasm

Illustrated notes

Levels and vault maps discovered:
D:1:      shiori_shiawase, layout_rooms, basic_ecumenical_altar,
          minmay_misc_feat_four_crosses, kennysheep_small_spiral,
          hangedman_feature_mirror, amcnicky_mini_rare_corridor_liquid

Action                     || total
---------------------------++-------
  Melee: Quarterstaff      ||     8
 Armour: Robe              ||     7
  Dodge: Dodged            ||     5

Table legend: (Time is in decaauts)
 A = Elapsed time spent in this place.
 B = Non-inter-level travel time spent in this place.
 C = Inter-level travel time spent in this place.
 D = Time resting spent in this place.
 E = Time spent auto-exploring this place.
 F = Levels seen in this place.
 G = Mean time per level.
                   A        B        C        D        E       F      G
               +--------+--------+--------+--------+--------+-----+--------+
         Total |     79 |     79 |      0 |      0 |     67 |   1 |   79.0 |
       Dungeon |     79 |     79 |      0 |      0 |     67 |   1 |   79.0 |
               +--------+--------+--------+--------+--------+-----+--------+

Top non-repeatable levels by time:
     D:1: 79 daAuts
